 Dungeon Sprint DCSS version 0.26.1-2-gb8aa6d0cf2 (webtiles) character file.

Game seed: 1169634720127062788

53 Groucho the Covered (level 3, 37/37 HPs)
             Began as a Minotaur Fighter on Feb 17, 2021.
             Got out of the dungeon alive.
             The game lasted 00:03:05 (1031 turns).

Groucho the Covered (Minotaur Fighter)              Turns: 1031, Time: 00:03:06

Health: 37/37      AC:  7    Str: 20    XL:     3   Next: 62%
Magic:  2/2        EV:  7    Int:  5    God:
Gold:   0          SH: 10    Dex: 10    Spells: 2/2 levels left

rFire    . . .     SeeInvis .   p - +2 dagger (venom)
rCold    . . .     Faith    .   c - +0 kite shield
rNeg     . . .     Spirit   .   b - +0 scale mail
rPois    .         Reflect  .   (helmet restricted)
rElec    .         Harm     .   (no cloak)
rCorr    .         Rampage  .   (no gloves)
Will     .....     NoTele   +   (no boots)
Stlth    ..........             (no amulet)
HPRegen  0.12/turn              (no ring)
MPRegen  0.08/turn              (no ring)

@: no status effects
A: retaliatory headbutt, horns 2
a: no special abilities


You escaped.
You visited 1 branch

Inventory:

Hand Weapons
 k - a +2 hand axe
 p - a +2 dagger of venom (weapon)
Missiles
 o - 11 stones (quivered)
Armour
 b - a +0 scale mail (worn)
 c - a +0 kite shield (worn)
Scrolls
 j - a scroll of blinking
 l - 3 scrolls of remove curse
 m - 5 scrolls of amnesia
 n - a scroll of summoning
Potions
 a - 2 potions of invisibility
 d - a potion of might
 e - 6 potions of curing
 f - 6 potions of heal wounds
 g - a potion of haste
 h - 4 potions of magic
 i - 2 potions of berserk rage


   Skills:
 + Level 5.7 Fighting
 + Level 4.3 Axes
 + Level 5.8 Armour
 + Level 5.7 Shields


You had 2 spell levels left.
You didn't know any spells.
Your spell library was empty.

Dungeon Overview and Level Annotations

Branches:
Dungeon (1/1)

Altars:
Ashenzari
Cheibriados
Dithmenos
Elyvilon
Fedhas
Gozag
Hepliaklqana
Kikubaaqudgha
Makhleb
Nemelex Xobeh
Okawaru
Qazlal
Ru
Sif Muna
Trog
Uskayaw
Vehumet
Wu Jian
Xom
Yredelemnul
Zin
The Shining One
Beogh
Jiyva
Lugonu


Innate Abilities, Weirdness & Mutations

You reflexively headbutt those who attack you in melee.
You have a pair of horns on your head.


Message History

Your +2 dagger of venom begins to drip with poison!
p - a +2 dagger of venom (weapon)
You see here a +1 vorpal trident.
Unknown command.
You see here a +0 flail of protection.
There is an open door here.
There is an open door here.
You see here a hobgoblin skeleton.
There is an open door here.
You see here a worm corpse.
Things that are here:
a +0 spear; a hobgoblin corpse; a gnoll corpse
Things that are here:
a +0 dagger; 3 boomerangs
There is an open door here.
There is an open door to the Storerooms (Easy) here.
There is an open door to the Entrance Hall (Safe) here.
There is a staircase leading out of the dungeon here.
Are you sure you want to leave the Dungeon?
This will make you lose the game!
You have escaped!

##########.##...........
#...........'...........
+#####'#####......#..#.
#...#)#[[##...........
#..)#)#).#####'#####++
#..֠.#))##.......#
##'####))##.......#
#.....#..##.......#
#.....#'###...@...#
#........##.......#
#........##.......#
###########.......#
#########


There were no monsters in sight!

Vanquished Creatures
  A worker ant (D)
  A gnoll (D)
  An adder (D)
  A worm (D)
  An orc (D)
  A bat skeleton (D)
  2 hobgoblins (D)
  A kobold (D)
9 creatures vanquished.

Notes
Turn   | Place    | Note
-------+----------+-------------------------------------------
     0 | D        | Groucho the Minotaur Fighter began the quest for the Orb.
     0 | D        | Reached XP level 1. HP: 19/19 MP: 0/0
    15 | D        | Found a bloodstained altar of Trog.
    15 | D        | Found a shimmering blue altar of Sif Muna.
    15 | D        | Found a viscous altar of Jiyva.
    15 | D        | Found a hazy altar of Hepliaklqana.
    15 | D        | Found an opulent altar of Gozag.
    16 | D        | Found a glowing golden altar of the Shining One.
    16 | D        | Found a glowing silver altar of Zin.
    16 | D        | Found a basalt altar of Yredelemnul.
    16 | D        | Found a shimmering altar of Xom.
    16 | D        | Found an ornate altar of the Wu Jian Council.
    16 | D        | Found a sacrificial altar of Ru.
    16 | D        | Found a stormy altar of Qazlal.
    16 | D        | Found an iron altar of Okawaru.
    16 | D        | Found a sparkling altar of Nemelex Xobeh.
    16 | D        | Found a burning altar of Makhleb.
    16 | D        | Found a blossoming altar of Fedhas.
    16 | D        | Found a white marble altar of Elyvilon.
    16 | D        | Found a shadowy altar of Dithmenos.
    16 | D        | Found a snail-covered altar of Cheibriados.
    18 | D        | Found a radiant altar of Vehumet.
    18 | D        | Found a corrupted altar of Lugonu.
    18 | D        | Found a roughly hewn altar of Beogh.
    19 | D        | Found a hide-covered altar of Uskayaw.
    19 | D        | Found an ancient bone altar of Kikubaaqudgha.
    19 | D        | Found a broken altar of Ashenzari.
    74 | D        | Reached XP level 2. HP: 14/28 MP: 1/1
   825 | D        | Reached skill level 5 in Fighting
   825 | D        | Reached skill level 5 in Armour
   825 | D        | Reached skill level 5 in Shields
   825 | D        | Reached XP level 3. HP: 36/36 MP: 2/2
  1031 | D        | Got out of the dungeon alive.

Illustrated notes

Levels and vault maps discovered:
D:        pitsprint [storerooms_1, entrance_room_1, metal_vault_3, armoury_3,
          mini_pit_1, grid_room_1, main_hall_1, silver_pit, the_coven_2,
          the_vestibule_1, steel_vault_4, golden_pit, hallway_of_sentries,
          crystal_vault_1, iron_vault_3, final_vault]

Skill      XL: |  1  2 |
---------------+-------+-----
Fighting       | 4 5 |  5.7
Armour         | 4 5 |  5.8
Shields        | 4 5 |  5.7
Axes           | 3 4 |  4.3

Action                   || total
-------------------------++-------
Melee: Hand axe          ||    20
       Headbutt          ||     5
       War axe           ||     2
  Use: Potion            ||     1
Armor: Scale mail        ||    13
Dodge: Dodged            ||     6
Block: Kite shield       ||     9
